 Dungeon Crawl Stone Soup version 0.28.0-43-g3370ac3207 (webtiles) character file.

Game seed: 12513124490767925589

20176 protoss039 the Eclecticist (level 12, -17/68 HPs)
             Began as a Deep Elf Air Elementalist on Mar 22, 2022.
             Was a Believer of Sif Muna.
             Killed from afar by Azrael (38 damage)
             ... with damnation
             ... on level 12 of the Dungeon.
             The game lasted 00:42:14 (21231 turns).

protoss039 the Eclecticist (DEAE)                  Turns: 21231, Time: 00:42:17

Health: -17/68     AC:  7    Str:  5    XL:     12   Next: 43%
Magic:  21/34      EV: 13    Int: 26    God:    Sif Muna [**....]
Gold:   539        SH:  0    Dex: 15    Spells: 23/43 levels left

rFire   + + .      SeeInvis .   s - +3 spear (vorpal)
rCold   . . .      Faith    .   (no shield)
rNeg    . . .      Spirit   .   C - +2 robe {Will+}
rPois   +          Reflect  .   k - +2 helmet
rElec   +          Harm     .   (no cloak)
rCorr   +          Rampage  .   (no gloves)
Will    ++...                   (no boots)
Stlth   ++........              (no amulet)
HPRegen 0.21/turn               q - +4 ring of slaying
MPRegen 0.24/turn               A - ring of fire

@: swift, resistant, invisible, very quick
A: no striking features
a: Renounce Religion, Channel Magic


You were on level 12 of the Dungeon.
You worshipped Sif Muna.
Sif Muna was pleased with you.
You visited 2 branches of the dungeon, and saw 13 of its levels.

You collected 651 gold pieces.
You spent 112 gold pieces at shops.

Inventory:

Hand Weapons
 g - a +4 short sword
 s - a +3 vorpal spear (weapon)
Armour
 c - a +0 robe of positive energy
 k - a +2 helmet (worn)
 z - +0 steam dragon scales
 C - a +2 robe of willpower (worn)
Jewellery
 q - a +4 ring of slaying (left hand)
 r - a ring of willpower
 v - a ring of flight
 A - a ring of fire (right hand)
Wands
 y - a wand of mindburst (13)
 B - a wand of acid (6)
 D - a wand of charming (5)
 E - a wand of flame (4)
 H - a wand of digging (8)
Scrolls
 a - a scroll of amnesia {unknown}
 b - a scroll of fear {unknown}
 e - 4 scrolls of identify
 f - a scroll of teleportation
 o - a scroll of silence {unknown}
 t - 3 scrolls of enchant weapon
 x - a scroll of enchant armour {unknown}
 F - 3 scrolls of magic mapping
 G - a scroll of summoning {unknown}
Potions
 d - a potion of flight {unknown}
 h - 2 potions of magic
 i - a potion of brilliance {unknown}
 j - 3 potions of curing
 m - a potion of haste {unknown}
 u - 5 potions of resistance
 w - 2 potions of might
 I - 2 potions of ambrosia {unknown}
 J - 2 potions of mutation {unknown}
Miscellaneous
 l - a box of beasts (inert)


   Skills:
 * Level 5.1 Fighting
 - Level 3.0 Dodging
 - Level 3.0 Stealth
 + Level 16.0 Spellcasting
 + Level 6.3 Conjurations
 - Level 3.0 Necromancy
 + Level 11.4 Air Magic
 - Level 3.0 Earth Magic
 - Level 6.0 Poison Magic
 * Level 6.8 Invocations


You had 23 spell levels left.
You knew the following spells:

 Your Spells              Type           Power      Damage    Failure   Level
a - Shock                 Conj/Air       100%       1d9       1%          1
b - Static Discharge      Conj/Air       61%        N/A       1%          2
c - Swiftness             Air            69%        N/A       1%          3
d - Airstrike             Air            34%        N/A       1%          4
e - Olgreb's Toxic Radia  Pois           51%        N/A       1%          4
f - Borgnjor's Vile Clut  Necr/Erth      18%        N/A       21%         5
g - Apportation           Tloc           40%        N/A       2%          1

Your spell library contained the following spells:

 Spells                   Type           Power      Damage    Failure   Level
 Animate Skeleton         Necr           72%        N/A       1%          1
 Sting                    Tmut/Pois      100%       1d8       1%          1
 Poisonous Vapours        Pois/Air       100%       N/A       1%          2
 Sublimation of Blood     Necr           36%        N/A       1%          2
 Summon Small Mammal      Summ           80%        N/A       2%          1
 Spider Form              Tmut/Pois      36%        N/A       2%          3
 Ensorcelled Hibernation  Hex/Ice        40%        N/A       3%          2
 Wereblood                Tmut           20%        N/A       3%          2
 Animate Dead             Necr           18%        N/A       7%          4
 Dispel Undead            Necr           36%        3d15      7%          4
 Sticky Flame             Conj/Fire      54%        2d7       7%          4
 Call Canine Familiar     Summ           20%        N/A       8%          3
 Summon Guardian Golem    Hex/Summ       20%        N/A       8%          3
 Anguish                  Hex/Necr       14%        N/A       13%         4
 Death Channel            Necr           18%        N/A       73%         6
 Summon Hydra             Summ           10%        N/A       100%        7


Dungeon Overview and Level Annotations

Branches:
Dungeon (12/15)            Temple (1/1) D:4            Lair (0/6) D:9
    Orc (0/2) D:9

Altars:
Ashenzari
Cheibriados
Dithmenos
Elyvilon
Fedhas
Gozag
Hepliaklqana
Kikubaaqudgha
Makhleb
Nemelex Xobeh
Okawaru
Qazlal
Ru
Sif Muna
Trog
Uskayaw
Vehumet
Wu Jian
Xom
Yredelemnul
Zin
The Shining One

Shops:
D:2 =   D:7 :   D:9 !

Annotations:
D:5 1 runed translucent door, adept's ghost, novice DjCj
D:11 2 runed translucent doors
D:12 Azrael


Message History

The floor.
Casting: Airstrike (safe; 1% risk of failure)
Confirm with . or Enter, or press ? or * to list all spells.
You feel quick.
Unknown command.
There is an open door here.
There is an open door here.
As you close the door, it creaks loudly!
Okay, then.
Okay, then.
Search for what [Enter for "cloa", or ? for help]? cold Can't find anything matching that.
Okay, then.
Okay, then.
Press: ? - help, . - travel You can't see that place. [the floor.]
Okay, then.
Okay, then.
You feel protected.
You open the door. Azrael gestures at you.
The sphere of damnation explodes!
The damnation engulfs you!!!
Ouch! That really hurt!
Unknown command.
Unknown command.
Unknown command.
You fade into invisibility!
Azrael gestures at you. The bolt of fire misses you.
Unknown command.
Unknown command.
Unknown command.
You open the lid... ...and a juvenile weirdshock beast leaps out!
The box is emptied!
Azrael gestures at you.
The sphere of damnation explodes!
The damnation engulfs you!!!
Ouch! That really hurt!
You die...

..#..#...#..#............##'####.
..#......#..'............#..#....
..##'#...##'#..#####.....#..#....
..#..#####..#..#...#.....#..#..##
..#......#.....#...'.....#..#..#.
######...#.....#####....○#..'..#.
.........#..####...#.....#######.
.....########..#...#..°..#..#..##
.........#..°°R'@H.#.○...#..#..#.
.........#..########°....#..#..#.
..#####'###'#......R.....#..#..#.
..#..#...#..#............#..#..#.
..#.^#...#..#..#####....[#.....##
###..#####..#......#.....'.......
.........#.R#☼.....#.....#)....>.
.........#..☼......#.....#######.
.........#.........#........#....


You could see Azrael (ally target) and a friendly juvenile weirdshock beast
(summoned).

Vanquished Creatures
  Kirke (D:12)
  2 boulder beetles (D:12)
  2 centaur warriors (D:12)
  A two-headed ogre (D:11)
  Sonja (D:12)
  Nergalle (D:10)
  A deep elf pyromancer (D:12)
  An ugly thing (D:11)
  A cyclops (D:11)
  A gargoyle (D:12)
  An unseen horror (D:11)
  2 trolls
  5 slime creatures (D:12)
  A hornet (D:9)
  A shadow (D:12)
  A vampire (D:12)
  2 wraiths
  3 wyverns (D:9)
  3 hogs (D:12)
  A basilisk (D:9)
  2 fire elementals
  21 yaks
  2 steam dragons
  4 vampire mosquitoes
  2 water moccasins
  A hell hound (D:12)
  A swamp drake (D:9)
  An ice beast (D:7)
  A sky beast (D:8)
  6 orc warriors
  3 necrophages
  2 ogres
  12 centaurs
  A phantom (D:6)
  4 kobold brigands
  3 bullfrogs
  2 scorpions
  3 gnoll sergeants
  A water moccasin zombie (D:6)
  3 wyvern skeletons
  11 killer bees
  12 wights
  A howler monkey (D:11)
  5 centaur zombies
  A jelly (D:6)
  4 orc priests
  A hound (D:7)
  2 centaur skeletons (D:7)
  4 iguanas
  5 orc wizards
  2 killer bee zombies (D:7)
  A hound skeleton (D:5)
  A howler monkey skeleton (D:7)
  A howler monkey zombie (D:8)
  12 gnolls
  3 adders
  A shadow imp (D:6)
  An adder zombie (D:5)
  2 worms (D:3)
  A dart slug (D:2)
  24 orcs
  A bat (D:2)
  4 endoplasms
  A giant cockroach (D:1)
  5 hobgoblins
  19 kobolds
  5 quokkas
  5 ball pythons
  4 frilled lizards
  5 goblins
  8 rats
259 creatures vanquished.

Vanquished Creatures (others)
  An air elemental (D:11)
  A water elemental (D:11)
  2 fungi (D:2)
  5 plants (D:2)
9 creatures vanquished.

Grand Total: 268 creatures vanquished

Notes
Turn   | Place    | Note
-------+----------+-------------------------------------------
     0 | D:1      | protoss039 the Deep Elf Air Elementalist began the quest
                  | for the Orb.
     0 | D:1      | Reached XP level 1. HP: 10/10 MP: 6/6
   415 | D:1      | Reached XP level 2. HP: 15/15 MP: 6/8
  1732 | D:1      | Learned a level 2 spell: Static Discharge
  1840 | D:2      | Reached XP level 3. HP: 12/19 MP: 9/9
  2415 | D:2      | Found Notuutid's Jewellery Shoppe.
  2767 | D:2      | Found a faded altar of an unknown god.
  2894 | D:2      | Learned a level 3 spell: Swiftness
  3834 | D:3      | Reached XP level 4. HP: 24/24 MP: 11/11
  4022 | D:3      | Learned a level 4 spell: Airstrike
  4047 | D:4      | Noticed a gnoll sergeant
  4286 | D:4      | Reached skill level 4 in Spellcasting
  4484 | D:4      | Found a staircase to the Ecumenical Temple.
  4495 | Temple   | Entered the Ecumenical Temple
  4689 | D:4      | Found a hide-covered altar of Uskayaw.
  5211 | D:4      | Reached XP level 5. HP: 28/28 MP: 7/13
  5362 | D:5      | Entered Level 5 of the Dungeon
  5380 | D:5      | Reached skill level 5 in Spellcasting
  5466 | D:5      | Found a runed translucent door.
  5470 | D:5      | Noticed adept's ghost (novice DjCj)
  5624 | D:5      | Reached XP level 6. HP: 21/32 MP: 6/16
  5801 | D:5      | Reached skill level 6 in Spellcasting
  5801 | D:5      | Reached skill level 5 in Air Magic
  5824 | D:5      | Reached XP level 7. HP: 19/36 MP: 3/18
  6281 | D:5      | HP: 2/54 [poisoned by a scorpion]
  6984 | D:5      | Learned a level 4 spell: Olgreb's Toxic Radiance
  7179 | D:6      | Reached skill level 7 in Spellcasting
  7460 | D:6      | Reached skill level 1 in Poison Magic
  8495 | D:6      | Reached skill level 8 in Spellcasting
  8495 | D:6      | Reached XP level 8. HP: 25/41 MP: 18/22
  8740 | D:6      | Reached skill level 9 in Spellcasting
  8766 | D:6      | Reached skill level 5 in Conjurations
  9059 | D:7      | Found Roimo's Book Emporium.
  9628 | D:7      | Reached skill level 10 in Spellcasting
  9726 | D:7      | Reached XP level 9. HP: 45/45 MP: 12/25
 10394 | D:7      | Found an ornate altar of the Wu Jian Council.
 10450 | D:7      | Found an opulent altar of Gozag.
 10926 | D:7      | Reached skill level 11 in Spellcasting
 11108 | D:7      | You fall into a shaft and drop 1 floor!
 11134 | D:8      | Found a sparkling altar of Nemelex Xobeh.
 11134 | D:8      | Found a burning altar of Makhleb.
 11134 | D:8      | Found a shimmering blue altar of Sif Muna.
 11134 | D:8      | Found a broken altar of Ashenzari.
 11136 | D:8      | Found a stormy altar of Qazlal.
 11137 | D:8      | Became a worshipper of Sif Muna the Loreminder
 11139 | D:8      | Found a hazy altar of Hepliaklqana.
 11139 | D:8      | Found a snail-covered altar of Cheibriados.
 11142 | D:8      | Found an iron altar of Okawaru.
 11145 | D:8      | Found a sacrificial altar of Ru.
 11413 | D:8      | Reached skill level 1 in Invocations
 11763 | D:8      | Reached skill level 1 in Fighting
 12057 | D:8      | Reached skill level 12 in Spellcasting
 12563 | D:9      | Found a staircase to the Orcish Mines.
 12571 | D:9      | Reached XP level 10. HP: 53/53 MP: 10/28
 13405 | D:9      | Found Sytis's Distillery.
 13537 | D:9      | Reached * piety under Sif Muna
 13888 | D:9      | Found a basalt altar of Yredelemnul.
 13942 | D:9      | Reached skill level 13 in Spellcasting
 14351 | D:9      | Found a staircase to the Lair.
 14808 | D:9      | Bought a potion of curing for 42 gold pieces
 14808 | D:9      | Bought a potion of heal wounds for 70 gold pieces
 14881 | D:10     | Entered Level 10 of the Dungeon
 15170 | D:10     | Reached skill level 10 in Air Magic
 15361 | D:10     | Noticed Nergalle
 15367 | D:10     | Killed Nergalle
 15556 | D:10     | Reached XP level 11. HP: 60/60 MP: 17/30
 15603 | D:10     | Reached ** piety under Sif Muna
 16008 | D:10     | Reached skill level 14 in Spellcasting
 16338 | D:11     | Noticed a brown ugly thing
 16357 | D:11     | Killed a brown ugly thing
 16478 | D:11     | Found a large runed translucent door.
 16478 | D:11     | Found a large runed translucent door.
 16542 | D:11     | Reached skill level 5 in Invocations
 17466 | D:11     | Noticed a two-headed ogre
 17471 | D:11     | Killed a two-headed ogre
 17741 | D:11     | Learned a level 5 spell: Borgnjor's Vile Clutch
 18097 | D:12     | Reached skill level 5 in Poison Magic
 18256 | D:12     | Reached skill level 1 in Necromancy
 18402 | D:12     | Reached skill level 1 in Earth Magic
 18477 | D:12     | Reached skill level 15 in Spellcasting
 19100 | D:12     | Learned a level 1 spell: Apportation
 19102 | D:12     | Noticed Sonja
 19102 | D:12     | Noticed a boulder beetle
 19409 | D:12     | Noticed a centaur warrior
 19419 | D:12     | Killed a centaur warrior
 19420 | D:12     | Reached XP level 12. HP: 8/67 MP: 13/33
 19440 | D:12     | Noticed Kirke
 19480 | D:12     | Noticed a sphinx
 19512 | D:12     | Killed Kirke
 19909 | D:12     | Killed a boulder beetle
 19937 | D:12     | Killed Sonja
 20113 | D:12     | Noticed a boulder beetle
 20128 | D:12     | Killed a boulder beetle
 20200 | D:12     | Noticed a centaur warrior
 20206 | D:12     | Reached skill level 5 in Fighting
 20211 | D:12     | Killed a centaur warrior
 20714 | D:12     | Noticed Azrael
 21168 | D:12     | Reached skill level 16 in Spellcasting
 21231 | D:12     | Killed from afar by Azrael

Illustrated notes

Levels and vault maps discovered:
D:1:      dpeg_arrival_arbitrary_b, layout_loops_corners
D:2:      layout_rooms, dreamdust_ecumenical_altar_hidden_monk_grotto,
          serial_shops, nicolae_shop_behind_doors
D:3:      layout_basic
D:4:      layout_rooms, lemuel_doored_altar, minmay_temple_entry_glass,
          lightli_minifort
D:5:      layout_basic, serial_rivers, chequers_serial_rivers_micro_d,
          chequers_serial_rivers_large_a, chequers_serial_rivers_micro_c,
          chequers_serial_rivers_micro_b, ebering_ghost_reflecting_pool
D:6:      minmay_clustersquares, layout_cave_pods
D:7:      layout_layer_cave, mainiacjoe_overflow_small_starburst,
          mainiacjoe_overflow_surrounded_room, minmay_misc_feat_more_columns,
          st_stairs_2, grunt_ministairs_3, nicolae_stop_n_shop_2
D:8:      layout_rooms, nicolae_overflow_hallway_of_the_gods
D:9:      layout_loops_ring, mainiacjoe_overflow_brackets, erik_lair_dragon,
          orc_0_dummy, serial_shops, nicolae_inconvenience_store,
          kennysheep_decorative_pillar, minmay_misc_feat_five
D:10:     layout_small_grid, uniq_nergalle
D:11:     layout_gridville, lightli_elemental_guards
D:12:     layout_grid_maze, uniq_sonja, uniq_kirke, uniq_azrael
Temple:   nicolae_temple_figure_zero

Skill      XL: |  1  2  3  4  5  6  7  8  9 10 11 12 |
---------------+-------------------------------------+-----
Stealth        | 3 |  3.0
Dodging        | 3 |  3.0
Conjurations   | 2 3 4 5 6 |  6.3
Spellcasting   | 4 5 6 8 10 12 13 15 16 | 16.0
Air Magic      | 4 5 6 7 9 10 11 | 11.4
Poison Magic   | 2 3 5 6 |  6.0
Invocations    | 2 4 6 |  6.8
Fighting       | 1 3 4 5 |  5.1
Necromancy     | 2 3 |  3.0
Earth Magic    | 2 3 |  3.0

Action                   |  1- 3 |  4- 6 |  7- 9 | 10-12 || total
-------------------------+-------+-------+-------+-------++-------
Melee: Dagger            |    61 |       |       |       ||    61
       Short sword       |    26 |     3 |       |       ||    29
       Punch             |       |     1 |       |     1 ||     2
       Spear             |       |    12 |    58 |    12 ||    82
 Cast: Shock             |    44 |    44 |    76 |    26 ||   190
       Static Discharge  |    10 |    15 |    38 |    39 ||   102
       Airstrike         |       |     7 |    50 |   162 ||   219
       Swiftness         |       |     3 |     6 |     9 ||    18
       Olgreb's Toxic Ra |       |       |     6 |    47 ||    53
Evoke: Box of beasts     |       |       |       |     1 ||     1
  Use: Scroll            |       |     1 |     7 |     5 ||    13
       Potion            |       |       |     1 |     7 ||     8
 Stab: Sleeping          |     7 |       |       |       ||     7
       Distracted        |       |       |     1 |       ||     1
Armor: Robe              |    13 |    10 |    19 |    13 ||    55
       Steam dragon scal |       |       |    10 |     9 ||    19
       Skin              |       |       |       |     9 ||     9
Dodge: Dodged            |    67 |    21 |    71 |    56 ||   215
